 Dungeon Crawl Stone Soup version 0.24.0-1-gfbc8707122 (webtiles) character file.

Game seed: 3169315714195182233, levelgen mode: deterministic

11740 OleJ the Thrower (level 11, -15/75 HPs)
             Began as an Octopode Assassin on Oct 27, 2019.
             Was an Elder of Dithmenos.
             Killed by refrigeration
             ... invoked by Fannar
              (17 damage)
             ... on level 11 of the Dungeon on Oct 29, 2019.
             The game lasted 01:05:54 (14852 turns).

OleJ the Thrower (Octopode Assassin)               Turns: 14852, Time: 01:05:55

Health: -15/75     AC:  3    Str: 11    XL:     11   Next: 82%
Magic:  11/11      EV: 17    Int: 14    God:    Dithmenos [****..]
Gold:   447        SH:  0    Dex: 16    Spells: 10/10 levels left

rFire    + . .     SeeInvis .   K - +2 dagger (speed)
rCold    . . .     Gourm    .   (no shield)
rNeg     . . .     Faith    .   x - +2 hat
rPois    +         Spirit   .   (no amulet)
rElec    .         Reflect  .   f - ring of poison resistance
rCorr    .         Harm     .   e - ring of protection from fire
MR       .....                  (no ring)
Stlth    ++++++++..             (no ring)
HPRegen  0.22/turn              (no ring)
MPRegen  0.12/turn              (no ring)
                                (no ring)
                                (no ring)

@: wreathed by umbra
A: almost no armour, stealthy swim, amphibious, 8 rings, constrict 8, camouflage
1, gelatinous body 1
a: Shadow Step, Renounce Religion


You were on level 11 of the Dungeon.
You worshipped Dithmenos.
Dithmenos was greatly pleased with you.
You were hungry.

You visited 1 branch of the dungeon, and saw 11 of its levels.

You collected 597 gold pieces.
You spent 150 gold pieces at shops.

Inventory:

Hand Weapons
 a - a +2 dagger
 o - the +9 falchion "Niuz" {flame, rC+ rN+ MR+++ MP-9, unknown}
   (You found it on level 11 of the Dungeon)

   It has been specially enchanted to burn those struck by it, causing extra
   injury to most foes and up to half again as much damage against particularly
   susceptible opponents.
   Big, fiery blades are also staple armaments of hydra-hunters.
   It protects you from cold.
   It protects you from negative energy.
   It affects your resistance to hostile enchantments.
   It affects your magic capacity (-9).
 w - a +0 flail of crushing
 B - a +0 short sword
 E - a +0 rapier
 K - a +2 dagger of speed (weapon)
Missiles
 b - 20 poisoned darts (quivered)
 m - 357 stones
 p - 17 silver boomerangs
 A - a javelin
 I - a boomerang
Armour
 x - a +2 hat (worn)
Jewellery
 e - a ring of protection from fire (right tentacle)
 f - a ring of poison resistance (left tentacle)
 l - an uncursed ring of protection from cold {unknown}
 v - an uncursed amulet of guardian spirit {unknown}
 D - the ring of Goaps {rElec rF+ MP+9 Dex+3, unknown}
   (You found it on level 8 of the Dungeon)

   [ring of protection from fire]

   It affects your dexterity (+3).
   It protects you from fire.
   It insulates you from electricity.
   It affects your magic capacity (+9).
Wands
 i - a wand of disintegration (6)
 y - a wand of flame (10)
 G - a wand of polymorph (13)
 J - a wand of iceblast (6)
Scrolls
 s - 2 scrolls of amnesia
 t - 9 scrolls of remove curse
Potions
 g - a potion of invisibility {unknown}
 h - 2 potions of agility {unknown}
 j - a potion of berserk rage {unknown}
 k - 4 potions of haste
 n - 5 potions of curing {unknown}
 r - 3 potions of heal wounds
 u - a potion of flight {unknown}
 z - 3 potions of lignification {unknown}
 C - a potion of ambrosia {unknown}
 F - 3 potions of degeneration {unknown}
 H - 2 potions of cancellation {unknown}
Comestibles
 d - 8 rations


   Skills:
 + Level 7.1 Fighting
 + Level 8.9 Short Blades
 - Level 12.0 Throwing
 + Level 5.8 Dodging
 + Level 10.9 Stealth
 + Level 0.2 Invocations


You had 10 spell levels left.
You didn't know any spells.
Your spell library contained the following spells:

 Spells                   Type           Power        Failure   Level  Hunger
 Beastly Appendage        Tmut           #.....       28%         1    ##.....
 Confusing Touch          Hex            #.....       28%         1    ##.....
 Infusion                 Chrm           #...         28%         1    ##.....
 Sandblast                Erth           #.....       28%         1    ##.....
 Sting                    Conj/Pois      #...         28%         1    ##.....
 Passwall                 Tmut/Erth      #.......     41%         2    ###....
 Poisonous Vapours        Pois/Air       #.....       41%         2    ###....
 Shroud of Golubria       Chrm/Tloc      #.....       41%         2    ###....
 Song of Slaying          Chrm           #.......     41%         2    ###....
 Sticks to Snakes         Tmut           #.......     41%         2    ###....
 Confuse                  Hex            #.......     65%         3    ####...
 Gell's Gravitas          Tloc           #.........   65%         3    ####...
 Mephitic Cloud           Conj/Pois/Air  #.......     65%         3    ####...
 Regeneration             Chrm/Necr      #.........   65%         3    ####...
 Spectral Weapon          Hex/Chrm       #.......     65%         3    ####...
 Spider Form              Tmut/Pois      #.........   65%         3    ####...
 Stone Arrow              Conj/Erth      #.....       65%         3    ####...
 Ice Form                 Ice/Tmut       #.......     96%         4    #####..
 Olgreb's Toxic Radiance  Pois           #.......     96%         4    #####..
 Petrify                  Tmut/Erth      #.......     96%         4    #####..
 Blade Hands              Tmut           #.........   100%        5    ######.
 Lee's Rapid Deconstruct  Erth           #.........   100%        5    ######.
 Metabolic Englaciation   Hex/Ice        #.........   100%        5    ######.
 Venom Bolt               Conj/Pois      #.........   100%        5    ######.
 Yara's Violent Unravell  Hex/Tmut       #.........   100%        5    ######.


Dungeon Overview and Level Annotations

Branches:
Dungeon (11/15)            Temple (0/1) D:7            Lair (0/6) D:11
    Orc: D:9-12

Altars:
Ashenzari
Dithmenos
Elyvilon
Fedhas
Gozag
Kikubaaqudgha
Makhleb
Nemelex Xobeh
Okawaru
Ru
Sif Muna
Trog
Vehumet
Wu Jian
The Shining One

Shops:
D:7 !

Annotations:
D:6 2 runed translucent doors, Swippen's ghost, novice GnFi
D:8 3 runed translucent doors, Nicoed's ghost, novice MiFi
D:11 Fannar


Innate Abilities, Weirdness & Mutations

You cannot wear most types of armour.
You are very stealthy in the water. (Stealth+)
You are amphibious.
You can wear up to eight rings at the same time.
You can use your tentacles to constrict eight enemies at once.
Your skin changes colour to match your surroundings (Stealth+).
Your rubbery body absorbs attacks. (AC +1, EV +1)


Message History

You release your grip on Fannar.
Fannar mumbles some strange words.
There is an open door here.
The ice beast hits you. The ice beast freezes you!
Fannar gestures wildly while chanting.
Fannar drains the heat from the surrounding environment!
You feel very cold.
* * * LOW HITPOINT WARNING * * *
Fannar is frozen.
Fannar resists.
Fannar casts a spell at you. The bolt of cold misses you.
Fannar casts a spell.
Fannar drains the heat from the surrounding environment!
You feel very cold.
* * * LOW HITPOINT WARNING * * *
Fannar is frozen.
Fannar resists.
Fannar gestures wildly while chanting.
Fannar drains the heat from the surrounding environment!
You feel very cold.
You die...

.................................
##..###..##..................###.
#..# #..##..................# #.
##..# #..##...........#####..###.
....###.......######.............
..............................(..
.#####.........##########'#######
.+...#.........#.................
.#...#.........'@.Y...e.....[....
.#...#.........#.................
.##+##.........#.......#######...
.#...#.........#.......#.....#...
.#...#.........#.......#.###.#...
.#...####'##############.# #.####
.#........†...##########.###.....
.#.....................#.......#.
.'.....................#.......#.


You could see Fannar and an ice beast.

Vanquished Creatures
  2 two-headed ogres
  2 deep trolls (D:10)
  A gargoyle (D:10)
  A hornet (D:11)
  8 trolls (D:10)
  3 hippogriffs
  A shadow (D:11)
  A spriggan (D:7)
  2 humans (D:8)
  3 yaks (D:10)
  4 hungry ghosts
  Menkaure (D:4)
  An ice beast (D:5)
  2 orc warriors
  A sky beast (D:9)
  A black bear (D:6)
  A necrophage (D:8)
  4 phantoms
  4 ogres
  3 centaurs
  3 big kobolds (D:11)
  3 bullfrogs
  A wyvern zombie (D:10)
  4 scorpions
  A wyvern skeleton (D:10)
  12 killer bees
  8 wights
  5 howler monkeys
  2 electric eels (D:10)
  6 crimson imps
  4 hounds
  A quasit (D:7)
  2 bullfrog zombies
  3 jellies
  10 orc priests
  2 centaur skeletons
  6 orc wizards
  3 iron imps (D:9)
  7 worker ants
  6 iguanas
  A hound zombie (D:10)
  3 hound skeletons
  Robin (D:4)
  A howler monkey skeleton (D:5)
  11 adders
  A shadow imp (D:7)
  An adder zombie (D:8)
  A dart slug (D:3)
  3 leopard geckos
  32 orcs
  6 bats
  3 bat skeletons (D:8)
  2 bat zombies (D:8)
  6 giant cockroaches
  25 goblins
  11 hobgoblins
  3 jackals (D:2)
  8 kobolds
  6 quokkas
  A ball python (D:5)
  A frilled lizard (D:1)
  A leopard gecko zombie (D:5)
  A quokka skeleton (D:5)
  A quokka zombie (D:7)
  7 rats
272 creatures vanquished.

Notes
Turn   | Place    | Note
-------+----------+-------------------------------------------
     0 | D:1      | OleJ the Octopode Assassin began the quest for the Orb.
     0 | D:1      | Reached XP level 1. HP: 14/14 MP: 1/1
   131 | D:1      | Reached XP level 2. HP: 9/19 MP: 2/2
   366 | D:1      | You fall into a shaft and drop 1 floor!
   411 | D:2      | Reached XP level 3. HP: 15/24 MP: 3/3
  1507 | D:2      | Reached skill level 3 in Throwing
  1510 | D:2      | Reached XP level 4. HP: 24/29 MP: 4/4
  2153 | D:3      | Reached XP level 5. HP: 27/35 MP: 5/5
  2951 | D:4      | Reached skill level 4 in Throwing
  3049 | D:4      | Found a shattered altar of Ashenzari.
  3061 | D:4      | Found a bloodstained altar of Trog.
  3061 | D:4      | Found an iron altar of Okawaru.
  3062 | D:4      | Found a shadowy altar of Dithmenos.
  3066 | D:4      | Became a worshipper of Dithmenos the Shadowed
  3070 | D:4      | Found a white marble altar of Elyvilon.
  3273 | D:4      | Noticed Robin
  3293 | D:4      | Killed Robin
  3381 | D:4      | Noticed Menkaure
  3387 | D:4      | Killed Menkaure
  3387 | D:4      | Reached XP level 6. HP: 41/41 MP: 6/6
  3435 | D:4      | HP: 2/41 [iguana (12)]
  3828 | D:4      | Reached skill level 5 in Throwing
  3848 | D:4      | Found a sacrificial altar of Ru.
  4011 | D:5      | Entered Level 5 of the Dungeon
  4086 | D:5      | Reached XP level 7. HP: 45/45 MP: 7/7
  4096 | D:5      | Reached * piety under Dithmenos
  4337 | D:5      | Reached skill level 6 in Throwing
  4620 | D:5      | Found a sparkling altar of Nemelex Xobeh.
  4689 | D:5      | Reached XP level 8. HP: 52/52 MP: 8/8
  4704 | D:5      | Found an opulent altar of Gozag.
  4763 | D:5      | Reached skill level 7 in Throwing
  5271 | D:5      | Found an opulent altar of Gozag.
  5643 | D:6      | Reached skill level 8 in Throwing
  6085 | D:6      | Found a runed translucent door.
  6090 | D:6      | Noticed Swippen's ghost (novice GnFi)
  6155 | D:6      | Reached XP level 9. HP: 58/58 MP: 9/9
  6291 | D:6      | Found a runed translucent door.
  6439 | D:6      | Found a shimmering blue altar of Sif Muna.
  6439 | D:6      | Found an ornate altar of the Wu Jian Council.
  6444 | D:6      | Found a radiant altar of Vehumet.
  6446 | D:6      | Found a faded altar of an unknown god.
  6447 | D:6      | Found a glowing golden altar of the Shining One.
  6904 | D:7      | Reached skill level 9 in Throwing
  6926 | D:6      | Reached skill level 5 in Short Blades
  7824 | D:7      | Found Vesyrier's Distillery.
  7837 | D:7      | Bought a potion of heal wounds for 75 gold pieces
  7837 | D:7      | Bought a potion of heal wounds for 75 gold pieces
  7863 | D:7      | Found a staircase to the Ecumenical Temple.
  7897 | D:7      | Reached ** piety under Dithmenos
  8074 | D:7      | Reached skill level 10 in Throwing
  8655 | D:8      | Found an ancient bone altar of Kikubaaqudgha.
  8696 | D:8      | Got a shimmering bronze ring
  8724 | D:8      | Found an iron altar of Okawaru.
  8870 | D:8      | Reached XP level 10. HP: 33/65 MP: 5/10
  9040 | D:8      | Found a runed translucent gate.
  9040 | D:8      | Found a runed translucent gate.
  9040 | D:8      | Found a runed translucent gate.
  9041 | D:8      | Noticed a kobold demonologist
  9041 | D:8      | Noticed Nicoed's ghost (novice MiFi)
  9042 | D:8      | Identified the +8 short sword of Valiance {drain, Str+2}
  9108 | D:8      | Reached skill level 5 in Fighting
  9477 | D:8      | Found a blossoming altar of Fedhas.
  9652 | D:8      | Reached skill level 10 in Stealth
 10079 | D:8      | Noticed a two-headed ogre
 10264 | D:8      | Killed a two-headed ogre
 10859 | D:9      | Noticed a two-headed ogre
 11212 | D:9      | Killed a two-headed ogre
 11212 | D:9      | Reached skill level 5 in Dodging
 11439 | D:9      | Found a burning altar of Makhleb.
 11514 | D:10     | Entered Level 10 of the Dungeon
 12021 | D:10     | Noticed a gargoyle
 12090 | D:10     | Reached XP level 11. HP: 67/74 MP: 11/11
 12121 | D:10     | Reached *** piety under Dithmenos
 12521 | D:10     | Noticed a deep troll
 12526 | D:10     | Noticed a deep troll
 12626 | D:10     | Reached skill level 11 in Throwing
 12641 | D:10     | Killed a deep troll
 12664 | D:10     | Killed a deep troll
 13091 | D:11     | Noticed Fannar
 13329 | D:11     | Found a staircase to the Lair.
 13477 | D:11     | Got a warped falchion
 13749 | D:11     | Paralysed by a hornet for 1 turns
 14102 | D:11     | Reached skill level 12 in Throwing
 14700 | D:11     | Reached **** piety under Dithmenos
 14851 | D:11     | HP: 1/75 [Fannar/refrigeration (19)]
 14852 | D:11     | Killed from afar by Fannar

Levels and vault maps discovered:
D:1:      evilmike_arrival_plus, layout_rooms, item_on_display_a
D:2:      layout_rooms, first_ration, kennysheep_boxes
D:3:      cheibrodos_greedy_goblins, layout_rooms, grunt_ministairs_8,
          bh_chokoban, minmay_misc_feat_hallway
D:4:      layout_loops_cross, lemuel_doored_altar, minitemple, uniq_robin,
          uniq_menkaure
D:5:      layout_basic, nemelex_xobeh_ov_fountains_minmay,
          nicolae_gozag_seed_capital, basic_altar
D:6:      layout_loops_ring, chequers_temple_overflow_minitemple,
          ebering_ghost_sewer_f
D:7:      layout_loops_ring, minmay_temple_entry_glass, serial_shops,
          nicolae_shop_window_shopping, the_bakery
D:8:      layout_loops_ring, kennysheep_mini, kennysheep_vampire_church,
          gammafunk_ghost_nasty_kobolds, okawaru_humans
D:9:      layout_cross, demons_altar
D:10:     lemuel_troll_bridge, layout_basic, minmay_misc_feat_columns
D:11:     layout_stronghold, lair_entry_dummy, minmay_unpleasant_kobolds,
          uniq_fannar

Skill      XL: |  1  2  3  4  5  6  7  8  9 10 11 |
---------------+----------------------------------+-----
Stealth        | 6 7 9 10 | 10.9
Throwing       | 3 4 5 6 8 10 12 | 12.0
Short Blades   | 3 4 6 8 |  8.9
Dodging        | 2 4 5 |  5.8
Fighting       | 3 4 6 7 |  7.1
Invocations    | |  0.2

Action                   |  1- 3 |  4- 6 |  7- 9 | 10-12 || total
-------------------------+-------+-------+-------+-------++-------
Melee: Dagger            |    31 |    52 |   247 |   114 ||   444
       Constrict         |     9 |    17 |    37 |    44 ||   107
       Tentacles         |     3 |    11 |    62 |    65 ||   141
       Rapier            |       |       |       |   150 ||   150
Throw: Dart              |    46 |     4 |    46 |    27 ||   123
       Stone             |    10 |    95 |    16 |    16 ||   137
       Javelin           |       |    32 |    66 |     5 ||   103
       Boomerang         |       |       |       |   189 ||   189
Invok: Shadow Step       |       |       |     1 |       ||     1
  Use: Scroll            |     5 |     3 |     5 |     7 ||    20
       Potion            |       |       |       |     1 ||     1
 Stab: Sleeping          |     1 |     1 |    14 |    28 ||    44
  Eat: Ration            |     1 |     2 |     6 |     5 ||    14
Armor: Skin              |     3 |     8 |    10 |    16 ||    37
Dodge: Dodged            |    44 |    58 |   172 |   187 ||   461
